 Dungeon Crawl Stone Soup version 0.30-a0-996-ga6910c8ee8 (webtiles) character file.

Game seed: 3715333813244031101

8 vishdafish the Conjurer (level 2, 19/19 HPs)
             Began as a Demonspawn Conjurer on Apr 4, 2023.
             Quit the game on level 1 of the Dungeon.
             The game lasted 00:00:25 (320 turns).

vishdafish the Conjurer (Demonspawn Conjurer)        Turns: 320, Time: 00:00:26

Health: 19/19      AC:  3    Str:  7    XL:     2   Next: 0%
Magic:  3/5        EV: 17    Int: 19    God:
Gold:   16         SH:  0    Dex: 11    Spells: 4/5 levels left

rFire   . . .      SeeInvis .    (no weapon)
rCold   . . .      Faith    .    (no shield)
rNeg    . . .      Spirit   .    a - +0 robe
rPois   .          Reflect  .    (helmet restricted)
rElec   .          Rampage  .    h - +0 cloak
rCorr   .                        (no gloves)
Will    .....                    (no boots)
Stlth   ++                       (no amulet)
HPRegen 0.23/turn                g - +5 ring of evasion
MPRegen 0.09/turn                (no ring)

@: no status effects
A: horns 1
a: no special abilities


You were on level 1 of the Dungeon.
You visited 1 branch of the dungeon, and saw 1 of its levels.

You collected 16 gold pieces.

Inventory:

Armour
 a - a +0 robe (worn)
 h - a +0 cloak (worn)
Jewellery
 g - a +5 ring of evasion (left hand)
Scrolls
 c - a scroll of amnesia {unknown}
Potions
 b - a potion of magic
 d - a potion of brilliance {unknown}
 e - a potion of haste {unknown}
 f - a potion of invisibility {unknown}


   Skills:
 - Level 1.7 Dodging
 - Level 1.7 Stealth
 + Level 2.3 Spellcasting
 + Level 4.2 Conjurations


You had 4 spell levels left.
You knew the following spells:

 Your Spells              Type           Power      Damage    Failure   Level
a - Magic Dart            Conj           72%        1d6       3%          1

Your spell library contained the following spells:

 Spells                   Type           Power      Damage    Failure   Level
 Searing Ray              Conj           36%        2d5       4%          2
 Dazzling Flash           Conj/Hex       20%        N/A       21%         3
 Fulminant Prism          Conj/Hex       5%         3d7       56%         4
 Iskenderun's Mystic Bla  Conj/Tloc      10%        2d4       56%         4


Dungeon Overview and Level Annotations

Branches:
Dungeon (1/15)

Altars:


Innate Abilities, Weirdness & Mutations

You have a pair of small horns on your head.


Message History

You kill the dart slug!
You are out of magic!
HP restored.
A giant cockroach comes into view.
A giant cockroach is nearby!
The magic dart hits the giant cockroach.
You kill the giant cockroach!
You can't see any susceptible monsters within range! (Use Z to cast anyway.)
You can't see any susceptible monsters within range! (Use Z to cast anyway.)
g - a +5 ring of evasion
g - a +5 ring of evasion (left hand) Search for what [? for help]? cloa You see here a +0 cloak.
h - a +0 cloak You start putting on your armour.
You continue putting on your +0 cloak. x4
You finish putting on your +0 cloak.
There is a stone staircase leading down here.
An endoplasm comes into view.
Found 11 gold pieces.
An endoplasm is nearby!
The magic dart hits the endoplasm but does no damage.
The magic dart hits the endoplasm.
The endoplasm is heavily wounded.
The magic dart hits the endoplasm.
You kill the endoplasm!
You are out of magic!
You now have 11 gold pieces.
You now have 16 gold pieces (gained 5).
Found a stone staircase leading down.
A bat comes into view.
There is a stone staircase leading down here.
A bat is nearby!
The magic dart hits the bat.
You kill the bat!
You have reached level 2!
You feel monstrous as your demonic heritage exerts itself.
Your demonic ancestry asserts itself...
A pair of horns grows on your head!
Unknown command.
Are you sure you want to abandon this character and quit the game? (Confirm with "yes".)

#.#..# #.........##
#. #....#
.#.##...#######.
##...#
.#..............
#...#
.####..########
#...# .# #..# #...#
.# #..# . #...# .#
#..# . #...# ##.##
#..# .
#...######@..# #..#
#
#...#...#.#.#.##..#
#...........†..^...
##..#...#.###..#####
# #..######.# #.# .
#..# #.# .# . #...
## # . ##.## # #.# .


There were no monsters in sight!

Vanquished Creatures
  A dart slug (D:1)
  An endoplasm (D:1)
  2 giant cockroaches (D:1)
  A bat (D:1)
  A rat (D:1)
6 creatures vanquished.

Notes
Turn   | Place    | Note
-------+----------+-------------------------------------------
     0 | D:1      | vishdafish the Demonspawn Conjurer began the quest for the
                  | Orb.
     0 | D:1      | Reached XP level 1. HP: 13/13 MP: 3/3
   320 | D:1      | Discovered your monstrous ancestry.
   320 | D:1      | Gained mutation: You have a pair of small horns on your
                  | head. [demonic ancestry]
   320 | D:1      | Reached XP level 2. HP: 19/19 MP: 3/5
   320 | D:1      | Quit the game

Illustrated notes

Levels and vault maps discovered:
D:1:      erik_arrival_blinker_ship, layout_loops_ring,
          shapermc_ecumenical_altar_notcrosses, grunt_decor_arrowhead,
          chequers_big_river

Action                     || total
---------------------------++-------
   Cast: Magic Dart        ||    12
  Dodge: Dodged            ||     1

Table legend: (Time is in decaauts)
 A = Elapsed time spent in this place.
 B = Non-inter-level travel time spent in this place.
 C = Inter-level travel time spent in this place.
 D = Time resting spent in this place.
 E = Time spent auto-exploring this place.
 F = Levels seen in this place.
 G = Mean time per level.
                   A        B        C        D        E       F      G
               +--------+--------+--------+--------+--------+-----+--------+
         Total |    319 |    302 |     17 |      0 |    271 |   1 |  319.0 |
       Dungeon |    319 |    302 |     17 |      0 |    271 |   1 |  319.0 |
               +--------+--------+--------+--------+--------+-----+--------+

Top non-repeatable levels by time:
     D:1: 319 daAuts
